 Dungeon Crawl Stone Soup version 0.15.0-31-geb66e34 (webtiles) character file.

44011 Rhoefr the Cloud Mage (level 13, -2/84 HPs)
             Began as a High Elf Air Elementalist on Sept 14, 2014.
             Was the Champion of Sif Muna.
             Slain by a black mamba (18 damage)
             ... on Level 5 of the Lair of Beasts.
             The game lasted 03:25:08 (27713 turns).

Rhoefr the Cloud Mage (High Elf Air Elementalist)  Turns: 27713, Time: 03:25:10

HP  -2/84        AC 12     Str  7      XL: 13   Next: 93%
MP   2/34        EV 17     Int 27      God: Sif Muna [******]
Gold 587         SH  6     Dex 16      Spells:  9 memorised,  5 levels left

rFire  + . .     SeeInvis .     b - +5 short sword of Bredweu {elec, Int+2}
rCold  + + .     Clarity  .     H - +1 leather armour of the Known World {rPois rC++ Stlth+}
rNeg   . . .     rCorr    +     M - +0 buckler
rPois  +         rRot     .     J - +2 helmet
rElec  .         Spirit   .     E - +2 cloak
SustAb .         Warding  .     y - +0 pair of gloves
rMut   .         Stasis   .     w - -1 pair of boots "Creaw" {+Fly Stlth++}
Gourm  .                        j - amulet of resist corrosion
MR     +....                    (no ring)
                                i - ring of protection from fire

@: swift (expiring), repel missiles, quick, somewhat resistant to hostile
enchantments, very stealthy
A: no striking features
a: Channel Energy, Forget Spell, Renounce Religion, Evoke Flight


You were on level 5 of the Lair of Beasts.
You worshipped Sif Muna.
Sif Muna was exalted by your worship.
You were not hungry.

You visited 3 branches of the dungeon, and saw 15 of its levels.

You collected 736 gold pieces.
You spent 149 gold pieces at shops.

Inventory:

Hand weapons
 b - the +5 short sword of Bredweu (weapon) {elec, Int+2}
   (You found it on level 1 of the Lair of Beasts)

   Occasionally, upon striking a foe, it will discharge some electrical energy
   and cause terrible harm.
   It affects your intelligence (+2).
Missiles
 t - 4 poisoned javelins (quivered)
Armour
 q - the +6 leather armour "Daejaggi" {Stlth++, unknown}
   (You found it on level 6 of the Lair of Beasts)

   It makes you much more stealthy.
 w - the -1 pair of boots "Creaw" (worn) {+Fly Stlth++}
   (You found it on level 8 of the Dungeon)

   It lets you fly.
   It makes you much more stealthy.
 y - a +0 pair of gloves (worn)
 z - a +0 leather armour of fire resistance
 E - a +2 cloak (worn)
 H - the +1 leather armour of the Known World (worn) {rPois rC++ Stlth+}
   (You found it on level 6 of the Dungeon)

   It greatly protects you from cold.
   It protects you from poison.
   It makes you more stealthy.
 J - a +2 helmet (worn)
 M - a +0 buckler (worn)
Magical devices
 o - a wand of paralysis (8)
 K - a wand of cold (8)
Comestibles
 c - 5 royal jellies
 g - 2 meat rations
 h - 5 fruits
 x - 9 bread rations
Scrolls
 k - 2 scrolls of enchant weapon
 n - 2 scrolls of recharging
 s - 6 scrolls of remove curse
 u - 8 scrolls of identify
 C - 2 scrolls of fog
 F - 2 scrolls of amnesia
 Q - 5 scrolls of enchant armour
Jewellery
 d - an uncursed amulet of guardian spirit
 i - a ring of protection from fire (left hand)
 j - an amulet of resist corrosion (around neck)
Potions
 f - a potion of confusion {unknown}
 l - 7 potions of agility
 p - 3 potions of brilliance
 r - 4 potions of might
 A - 2 potions of restore abilities
 G - a potion of flight
 I - 2 potions of cancellation
 O - 2 potions of curing
 R - a potion of magic {unknown}
Books
 m - Sif Muna's Almanac of the Firefly
   (Sif Muna gifted it to you on level 4 of the Lair of Beasts)

   Spells                             Type                      Level
   *Static Discharge                  Conjuration/Air              3
   *Mephitic Cloud                    Conjuration/Poison/Air       3
   *Conjure Ball Lightning            Conjuration/Air              6
   Chain Lightning                    Conjuration/Air              8
 v - a book of Air

   Spells                             Type                      Level
   *Shock                             Conjuration/Air              1
   *Swiftness                         Charms/Air                   2
   *Repel Missiles                    Charms/Air                   2
   *Flight                            Charms/Air                   3
   *Static Discharge                  Conjuration/Air              3
   *Lightning Bolt                    Conjuration/Air              5
 B - a book of Wizardry

   Spells                             Type                      Level
   Agony                              Necromancy                   5
   Force Lance                        Conjuration                  5
   Dispersal                          Translocation                6
   Haste                              Charms                       6
   Invisibility                       Hexes                        6
   Spellforged Servitor               Conjuration/Summoning        7
 D - a book of Maledictions

   Spells                             Type                      Level
   Corona                             Hexes                        1
   Sure Blade                         Hexes/Charms                 2
   Ensorcelled Hibernation            Hexes/Ice                    2
   Confuse                            Hexes                        3
   *Dazzling Spray                    Conjuration/Hexes            3
   Enslavement                        Hexes                        4
 S - Nag Qepn's Reference Book on Poisoning and Attacks
   (You found it on level 1 of the Lair of Beasts)

   Spells                             Type                      Level
   Cure Poison                        Poison                       2
   Spider Form                        Transmutation/Poison         3
   Olgreb's Toxic Radiance            Poison                       4
   Venom Bolt                         Conjuration/Poison           5
   Poisonous Cloud                    Conjuration/Poison/Air       6
Magical staves
 a - an uncursed staff of wizardry


   Skills:
 - Level 6.4 Fighting
 - Level 2.1 Short Blades
 - Level 6.0 Armour
 - Level 10.2 Dodging
 - Level 3.7 Stealth
 - Level 6.7 Shields
 - Level 10.8 Spellcasting
 - Level 10.5 Conjurations
 - Level 2.0 Hexes
 + Level 4.1 Charms
 - Level 11.8 Air Magic
 - Level 5.2 Poison Magic
 - Level 6.8 Invocations


You had 5 spell levels left.
You knew the following spells:

 Your Spells              Type           Power        Failure   Level  Hunger
a - Shock                 Conj/Air       ####         1%          1    None
c - Conjure Ball Lightni  Conj/Air       ######....   10%         6    #####..
d - Dazzling Spray        Conj/Hex       #####...     1%          3    None
f - Flight                Chrm/Air       ######....   1%          3    None
m - Mephitic Cloud        Conj/Pois/Air  ######..     1%          3    None
r - Repel Missiles        Chrm/Air       ######       1%          2    None
s - Static Discharge      Conj/Air       ######..     1%          3    None
v - Swiftness             Chrm/Air       ######..     1%          2    None
x - Lightning Bolt        Conj/Air       ######....   1%          5    ##.....


Dungeon Overview and Level Annotations

Branches:
Dungeon (8/15)             Temple (1/1) D:7            Lair (6/8) D:8
  Swamp (0/5) Lair:3       Shoals (0/5) Lair:4        Snake (0/5) Lair:4
  Slime: Lair:6-8

Altars:
Ashenzari
Dithmenos
Fedhas
Makhleb
Nemelex Xobeh
Okawaru
Sif Muna
Trog
Vehumet
The Shining One
Jiyva

Shops:
D:8 *

Annotations:
D:2 Sigmund
D:3 hackum's ghost, average HaFi
D:8 exclusion: oklob plant


Message History

The black mamba misses you.
You climb upwards.
You feel sick.
There is a stone staircase leading down here.
Drink which item? (? for menu, Esc to quit)
You feel better. You block the black mamba's attack.
The black mamba misses you.
Casting: Swiftness
Confirm with . or Enter, or press ? or * to list all spells.
The black mamba is struck by lightning.
The black mamba is heavily wounded.
The lightning arcs!
You are struck by lightning.
* * * LOW HITPOINT WARNING * * *
The lightning grounds out.
The black mamba bites you.
* * * LOW HITPOINT WARNING * * *
The black mamba misses you.
Drink which item? (? for menu, Esc to quit)
You feel better. The black mamba bites you!
* * * LOW HITPOINT WARNING * * *
The black mamba bites you!!
You die...

PP......##....P.....##...........
......[.....................#.#..
............................###P.
.#..................P........####
#.#.#.####....................##.
.####.####...P##...#.............
..#..#..##....##PP...............
.................................
................@S...............
.................................
...P............P.....#P...P..##.
....P........P#####.......#####[#
....P.###....####P.#..##..####.#.
...P#.P##....##.......#....#.....
....#.........#......(.#...#.....
.........P............#...##.....
....P.........#......##...###....


You could see a black mamba.

Vanquished Creatures
  Maud (Lair:4)
  Fannar (Lair:1)
  5 hydras
  Harold (Lair:2)
  A death yak (Lair:4)
  Nergalle (Lair:4)
  Pikel (D:7)
  6 elephants (Lair:3)
  A griffon (Lair:5)
  5 black mambas
  11 spiny frogs
  A queen ant (Lair:1)
  8 komodo dragons
  A queen bee (Lair:3)
  A polar bear (Lair:4)
  Prince Ribbit (Lair:3)
  A giant leech (Lair:3)
  38 blink frogs
  A basilisk (Lair:3)
  A sky beast (D:7)
  5 hippogriffs
  36 yaks
  4 wyverns
  13 wolves
  A swamp worm (Lair:3)
  Edmund (D:8)
  Menkaure (D:6)
  3 nagas (Lair:4)
  5 soldier ants (Lair:1)
  8 water moccasins
  12 porcupines
  11 ice beasts
  An orc warrior (D:6)
  7 ogres
  2 slaves (D:7)
  A yellow wasp (D:7)
  4 crocodiles
  2 big kobolds
  2 centaurs (D:7)
  A wyvern zombie (D:8)
  19 giant frogs
  34 killer bees
  An electric eel (Lair:4)
  A troll skeleton (D:7)
  A goliath beetle (D:7)
  3 crimson imps
  10 hounds
  3 orc priests
  A jelly (D:6)
  A giant frog skeleton (D:6)
  A centaur zombie (D:5)
  6 orc wizards
  6 iguanas
  15 worker ants
  Ijyb (D:6)
  A worker ant zombie (D:8)
  11 gnolls
  19 adders
  29 green rats
  3 shadow imps
  3 giant mites
  3 worms
  An adder zombie (D:7)
  8 giant geckos
  An ooze (D:6)
  23 orcs
  A bat skeleton (D:4)
  3 giant cockroaches
  11 hobgoblins
  13 quokkas
  3 ball pythons
  A ball python zombie (D:5)
  11 bats
  7 giant newts
  14 goblins
  A goblin zombie (D:5)
  A hobgoblin skeleton (D:6)
  12 jackals
  22 kobolds
  11 rats
  4 spectral orcs (Lair:4)
  6 fungi
533 creatures vanquished.

Vanquished Creatures (collateral kills)
  2 ball lightnings (Lair:4)
2 creatures vanquished.

Vanquished Creatures (others)
  13 ball lightnings (Lair:4)
  2 slaves (D:7)
  5 fungi
  7 plants
27 creatures vanquished.

Grand Total: 562 creatures vanquished

Notes
Turn   | Place    | Note
--------------------------------------------------------------
     0 | D:1      | Rhoefr, the High Elf Air Elementalist, began the quest for the Orb.
     0 | D:1      | Reached XP level 1. HP: 11/11 MP: 4/4
   231 | D:1      | Reached XP level 2. HP: 17/17 MP: 3/6
   263 | D:1      | Learned a level 2 spell: Repel Missiles
   266 | D:1      | Learned a level 2 spell: Swiftness
   369 | D:1      | Reached skill level 4 in Air Magic
  1323 | D:2      | Reached XP level 3. HP: 21/21 MP: 1/8
  1539 | D:2      | Noticed Sigmund
  2558 | D:2      | Reached skill level 1 in Shields
  2558 | D:2      | Reached XP level 4. HP: 27/27 MP: 5/12
  2765 | D:3      | Learned a level 3 spell: Static Discharge
  3168 | D:3      | Noticed hackum's ghost (average HaFi)
  3455 | D:3      | Found a bloodstained altar of Trog.
  3541 | D:3      | Reached XP level 5. HP: 31/31 MP: 12/14
  3972 | D:3      | Reached skill level 5 in Air Magic
  5232 | D:4      | Learned a level 3 spell: Flight
  5244 | D:4      | Reached XP level 6. HP: 36/36 MP: 12/17
  5616 | D:4      | Got a faintly humming robe
  5627 | D:4      | Identified the +1 robe of Amorality {rC++ Int-1} (You found it on level 4 of the Dungeon)
  6121 | D:5      | Entered Level 5 of the Dungeon
  6125 | D:5      | Reached skill level 6 in Air Magic
  6125 | D:5      | Reached XP level 7. HP: 29/41 MP: 11/20
  6447 | D:5      | Learned a level 3 spell: Dazzling Spray
  6979 | D:5      | Reached skill level 5 in Spellcasting
  7429 | D:5      | Reached skill level 5 in Conjurations
  7643 | D:6      | Reached skill level 7 in Air Magic
  7643 | D:6      | Reached XP level 8. HP: 46/46 MP: 17/23
  7715 | D:6      | Found a shattered altar of Ashenzari.
  7751 | D:6      | Got a smelly leather armour
  7768 | D:6      | Identified the +1 leather armour of the Known World {rPois rC++ Stlth+} (You found it on level 6 of the Dungeon)
  8303 | D:6      | Noticed Menkaure
  8310 | D:6      | Killed Menkaure
  8310 | D:6      | Reached skill level 5 in Shields
  8479 | D:6      | Noticed Ijyb
  8487 | D:6      | Killed Ijyb
  8826 | D:6      | Found an iron altar of Okawaru.
  9022 | D:6      | Reached skill level 1 in Armour
  9659 | D:7      | Reached XP level 9. HP: 51/51 MP: 15/24
 10136 | D:7      | Found a staircase to the Ecumenical Temple.
 10136 | D:7      | Noticed Pikel
 10153 | D:7      | Killed Pikel
 10283 | Temple   | Entered the Ecumenical Temple
 10292 | Temple   | Learned a level 5 spell: Lightning Bolt
 10300 | Temple   | Became a worshipper of Sif Muna the Loreminder
 10476 | D:7      | Reached skill level 1 in Charms
 10754 | D:7      | Reached skill level 1 in Hexes
 11210 | D:7      | Acquired Sif Muna's first power
 11543 | D:7      | Reached XP level 10. HP: 56/56 MP: 21/27
 11992 | D:8      | Found a staircase to the Lair.
 12131 | D:8      | Found a blossoming altar of Fedhas.
 12145 | D:8      | Noticed an oklob plant
 12217 | D:8      | Reached skill level 1 in Invocations
 12380 | D:8      | Found a glowing golden altar of the Shining One.
 12383 | D:8      | Found a burning altar of Makhleb.
 12386 | D:8      | Found a sparkling altar of Nemelex Xobeh.
 12388 | D:8      | Reached skill level 8 in Air Magic
 12510 | D:8      | Noticed Edmund
 12520 | D:8      | Killed Edmund
 12672 | D:8      | Got a pair of blackened boots
 12678 | D:8      | Identified the -1 pair of boots "Creaw" {+Fly Stlth++} (You found it on level 8 of the Dungeon)
 12700 | D:8      | Found Kahog's General Store.
 12709 | D:8      | Bought a scroll of teleportation for 39 gold pieces
 12709 | D:8      | Bought a scroll of teleportation for 39 gold pieces
 12709 | D:8      | Bought a potion of cancellation for 71 gold pieces
 13333 | Lair:1   | Entered Level 1 of the Lair of Beasts
 13370 | Lair:1   | Acquired Sif Muna's second power
 13544 | Lair:1   | Got a faintly glowing short sword
 13545 | Lair:1   | Identified the +5 short sword of Bredweu {elec, Int+2} (You found it on level 1 of the Lair of Beasts)
 13959 | Lair:1   | Noticed Fannar
 13963 | Lair:1   | Paralysed by Fannar for 2 turns
 13968 | Lair:1   | Killed Fannar
 13968 | Lair:1   | Reached skill level 9 in Air Magic
 14723 | Lair:1   | Noticed a seven-headed hydra
 14729 | Lair:1   | Killed a seven-headed hydra
 14729 | Lair:1   | Reached XP level 11. HP: 61/61 MP: 14/29
 15085 | Lair:1   | Reached skill level 5 in Invocations
 15901 | Lair:1   | Noticed a five-headed hydra
 15905 | Lair:1   | Killed a five-headed hydra
 15905 | Lair:1   | Acquired Sif Muna's third power
 15905 | Lair:1   | Reached skill level 10 in Air Magic
 16372 | Lair:1   | Identified Nag Qepn's Reference Book on Poisoning and Attacks
 16380 | Lair:1   | Learned a level 6 spell: Poisonous Cloud
 16499 | Lair:2   | Found a frozen archway.
 16510 | Lair:1   | Reached skill level 1 in Poison Magic
 16518 | Lair:1   | HP: 3/61 [spiny frog (19)]
 17290 | Lair:1   | Reached skill level 5 in Dodging
 18054 | Lair:2   | Noticed Harold
 18402 | Lair:2   | Reached XP level 12. HP: 58/66 MP: 12/31
 18880 | Lair:2   | Killed Harold
 19329 | Lair:2   | Reached skill level 10 in Dodging
 20150 | Lair:3   | Reached skill level 5 in Poison Magic
 20280 | Lair:3   | Noticed Prince Ribbit
 20288 | Lair:3   | Killed Prince Ribbit
 20881 | Lair:3   | Found a staircase to the Swamp.
 21003 | Lair:3   | Reached skill level 1 in Fighting
 21857 | Lair:3   | Reached XP level 13. HP: 79/81 MP: 28/32
 22517 | Lair:4   | Noticed Nergalle
 22664 | Lair:4   | Found a staircase to the Snake Pit.
 23252 | Lair:4   | Reached skill level 11 in Air Magic
 23253 | Lair:4   | Received a gift from Sif Muna
 23256 | Lair:4   | Reached skill level 10 in Spellcasting
 23282 | Lair:3   | HP: 3/81 [blink frog (14)]
 24162 | Lair:4   | Reached skill level 10 in Conjurations
 24507 | Lair:4   | Identified Sif Muna's Almanac of the Firefly (Sif Muna gifted it to you on level 4 of the Lair of Beasts)
 24512 | Lair:4   | Learned a level 3 spell: Mephitic Cloud
 24845 | Lair:3   | Reached skill level 5 in Fighting
 24977 | Lair:4   | Learned a level 6 spell: Conjure Ball Lightning
 24984 | Lair:4   | Noticed Maud
 24987 | Lair:4   | Killed Maud
 25542 | Lair:4   | Killed Nergalle
 25990 | Lair:4   | Found a staircase to the Shoals.
 26956 | Lair:5   | Reached skill level 1 in Short Blades
 27595 | Lair:6   | Got a fine leather armour
 27653 | Lair:6   | Found a viscous altar of Jiyva.
 27713 | Lair:5   | Slain by a black mamba

Action                   |  1- 3 |  4- 6 |  7- 9 | 10-12 | 13-15 || total
-------------------------+-------+-------+-------+-------+-------++-------
Melee: Whip              |     3 |     1 |       |       |       ||     4
       Dagger            |       |     1 |       |       |       ||     1
       Flail             |       |       |    24 |       |       ||    24
       Staff             |       |       |     9 |    16 |     3 ||    28
       Short sword       |       |       |       |    74 |    81 ||   155
 Fire: Blowgun           |       |     4 |       |       |       ||     4
Throw: Javelin           |       |       |     1 |       |       ||     1
 Cast: Shock             |    82 |   139 |   182 |   227 |    55 ||   685
       Repel Missiles    |     1 |       |       |     1 |       ||     2
       Static Discharge  |       |    22 |    49 |   115 |   105 ||   291
       Dazzling Spray    |       |       |    66 |   149 |    71 ||   286
       Lightning Bolt    |       |       |     1 |    66 |    41 ||   108
       Flight            |       |       |     1 |     2 |     1 ||     4
       Swiftness         |       |       |       |     6 |     4 ||    10
       Poisonous Cloud   |       |       |       |    10 |     4 ||    14
       Conjure Ball Ligh |       |       |       |       |     7 ||     7
       Mephitic Cloud    |       |       |       |       |     1 ||     1
Invok: Channel Energy    |       |       |       |    61 |    79 ||   140
Evoke: Wand              |       |       |     5 |     5 |     1 ||    11
  Use: Scroll            |     6 |     9 |    11 |     7 |     4 ||    37
       Potion            |       |       |       |     5 |     5 ||    10
 Stab: Sleeping          |       |     1 |     4 |       |     5 ||    10
       Paralysed         |       |       |     2 |       |       ||     2
       Invisible         |       |       |     1 |     1 |     1 ||     3
  Eat: Chunk             |     5 |     6 |    15 |    24 |    16 ||    66
       Pizza             |       |     1 |       |     2 |       ||     3
       Fruit             |       |     1 |     3 |       |       ||     4
       Bread ration      |       |     1 |     1 |       |       ||     2
       Beef jerky        |       |       |       |     7 |       ||     7
       Royal jelly       |       |       |       |     3 |    10 ||    13
       Meat ration       |       |       |       |     2 |       ||     2
